 Dungeon Crawl Stone Soup version 0.32-a0-411-g744942f433 (webtiles) character file.

Game seed: 15585463784105355940

24879 CougarLife the Geomancer (level 13, -1/79 HPs)
             Began as a Gargoyle Earth Elementalist on Feb 21, 2024.
             Was an Initiate of Gozag.
             Slain by a minotaur
             ... wielding a +0 quarterstaff
              (33 damage)
             ... in a Gauntlet.
             The game lasted 00:35:17 (15134 turns).

CougarLife the Geomancer (GrEE)                    Turns: 15134, Time: 00:35:18

Health: -1/79      AC: 14    Str: 13    XL:     13   Next: 16%
Magic:  22/37      EV: 11    Int: 24    God:    Gozag
Gold:   2306       SH:  0    Dex: 10    Spells: 25/34 levels left

rFire   + . .        P - +12 dagger "Sigh" {flame, rElec rCorr Int+4}
rCold   . . .        (no shield)
rNeg    + . .        G - +0 robe {Will+}
rPois   ∞            S - +0 hat {SInv}
rElec   +            a - +0 cloak
rCorr   +            l - +0 pair of gloves
SInv    +            J - +0 pair of boots
Will    +....        d - amulet of magic regeneration
Stlth   ++           i - ring of magical power
HPRegen 0.33/turn    s - ring of protection from fire
MPRegen 0.65/turn

%: no teleportation
@: very slightly contaminated
A: sickness immunity, AC +9, negative energy resistance 1, electricity
resistance, torment resistance 1, petrification resistance
a: Renounce Religion, Potion Petition, Call Merchant, Bribe Branch


You were in a Gauntlet.
You worshipped Gozag.
Gozag was most pleased with you.
You visited 3 branches of the dungeon, and saw 15 of its levels.
You also visited: Ossuary, Bailey and Gauntlet.

You collected 4294 gold pieces.
You spent 900 gold pieces at shops.
You paid 1088 gold pieces to Gozag.

Inventory:

Hand Weapons
 P - the +12 dagger "Sigh" (weapon) {flame, rElec rCorr Int+4}
   (You found it on level 10 of the Dungeon)

   Int+4:     It affects your intelligence (+4).
   rElec:     It insulates you from electricity.
   rCorr:     It protects you from acid and corrosion.
Missiles
 x - a throwing net
Armour
 a - a +0 cloak (worn)
 l - a +0 pair of gloves (worn)
 G - a +0 robe of willpower (worn)
 J - a +0 pair of boots (worn)
 S - a +0 hat of see invisible (worn)
Jewellery
 d - an amulet of magic regeneration (around neck)
 i - a ring of magical power (left hand)
 s - a ring of protection from fire (right hand)
 L - a ring of positive energy
 O - a ring of protection from fire
 R - an amulet of reflection
 U - the amulet "Tixeung" {Acrobat rElec}
   (You found it in a Gauntlet)

   [amulet of the acrobat]

   Acrobat:   It increases your evasion while moving and waiting.
   rElec:     It insulates you from electricity.
Wands
 e - a wand of charming (30)
 A - a wand of flame (19)
 K - a wand of polymorph (5)
 N - a wand of roots (6)
 Q - a wand of mindburst (4)
 T - a wand of digging (4)
Scrolls
 f - a scroll of noise
 g - 7 scrolls of teleportation
 m - a scroll of amnesia {unknown}
 n - a scroll of revelation
 o - a scroll of torment {unknown}
 p - 3 scrolls of enchant armour
 v - a scroll of silence {unknown}
 y - a scroll of summoning {unknown}
 z - 2 scrolls of poison
 C - 3 scrolls of blinking
 E - 3 scrolls of fog
 F - a scroll of fear {unknown}
 M - 4 scrolls of immolation
Potions
 b - a potion of magic
 c - 13 potions of curing
 h - 3 potions of berserk rage {unknown}
 j - a potion of heal wounds
 k - a potion of resistance {unknown}
 q - 2 potions of invisibility {unknown}
 r - 2 potions of attraction {unknown}
 t - 2 potions of enlightenment {unknown}
 u - 2 potions of degeneration {unknown}
 w - 4 potions of might {unknown}
 B - 3 potions of haste {unknown}
 D - 5 potions of mutation {unknown}
 H - a potion of lignification {unknown}
 I - 3 potions of brilliance {unknown}


   Skills:
 + Level 8.5 Fighting
 - Level 1.5 Dodging
 - Level 2.1 Stealth
 + Level 11.2 Spellcasting
 + Level 12.8 Conjurations
 * Level 2.3 Air Magic
 - Level 14.1 Earth Magic


You had 25 spell levels left.
You knew the following spells:

 Your Spells              Type           Power      Damage    Failure   Level
a - Sandblast             Erth           100%       2d20      0%          1
b - Stone Arrow           Conj/Erth      100%       3d13      1%          3
c - Freezing Cloud        Conj/Ice/Air   18%        6-21      16%         5

Your spell library contained the following spells:

 Spells                   Type           Power      Damage    Failure   Level
 Shock                    Conj/Air       100%       1d9       1%          1
 Mephitic Cloud           Conj/Alch/Air  37%        N/A       1%          3
 Passwall                 Erth           69%        N/A       1%          3
 Brom's Barrelling Bould  Conj/Erth      68%        2d8       1%          4
 Leda's Liquefaction      Alch/Erth      23%        N/A       2%          4
 Petrify                  Alch/Erth      47%        N/A       2%          4
 Swiftness                Air            24%        N/A       5%          3
 Ensorcelled Hibernation  Hex/Ice        26%        N/A       7%          2
 Fireball                 Conj/Fire      22%        3d10      9%          5
 Irradiate                Conj/Alch      22%        3d19      9%          5
 Call Canine Familiar     Summ           13%        N/A       14%         3
 Frozen Ramparts          Ice            26%        1d4       14%         3
 Fugue of the Fallen      Necr           13%        N/A       14%         3
 Ozocubu's Armour         Ice            13%        N/A       14%         3
 Sigil of Binding         Hex            13%        N/A       14%         3
 Airstrike                Air            12%        2d(2-18)  17%         4
 Anguish                  Hex/Necr       6%         N/A       43%         4
 Cause Fear               Hex            6%         N/A       43%         4
 Dimensional Bullseye     Hex/Tloc       6%         N/A       43%         4
 Metabolic Englaciation   Hex/Ice        6%         N/A       78%         5
 Sculpt Simulacrum        Ice/Alch       6%         N/A       100%        6
 Dragon's Call            Summ           6%         N/A       100%        9
 Shatter                  Erth           34%        3d28*     100%        9
 Sublimation of Blood     Necr           Unusable   N/A       N/A         2

Dungeon Overview and Level Annotations

Branches:
Dungeon (11/15)            Temple (1/1) D:6            Lair (3/5) D:8
 Shoals (0/4) Lair:3       Spider (0/4) Lair:3          Orc (0/2) D:11
Ossuary (visited)          Bailey (visited)         Gauntlet (1/1)

Altars:
Ashenzari
Cheibriados
Dithmenos
Elyvilon
Fedhas
Gozag
Hepliaklqana
Kikubaaqudgha
Makhleb
Nemelex Xobeh
Okawaru
Qazlal
Ru
Sif Muna
Trog
Uskayaw
Vehumet
Wu Jian
Xom
Yredelemnul
Zin
The Shining One

Shops:
Lair:2 :

Annotations:
D:11 exclusion: orange crystal statue Gauntlet 6 transporters


Innate Abilities, Weirdness & Mutations

You are immune to sickness and miasma.
Your stone body is resilient. (AC +9)
You are immune to poison.
You resist negative energy. (rN+)
You are resistant to electric shocks. (rElec)
You are resistant to unholy torment.
You are immune to petrification.


Message History

The minotaur is engulfed in freezing vapours.
Casting: Freezing Cloud (dangerous; 16% risk of failure)
Confirm with . or Enter, or press ? or * to list all spells.
Aiming: Stone Arrow (safe; 1% risk of failure)
Press: ? - help, Shift-Dir - straight line, f - minotaur
Aim: a minotaur, wielding a +0 quarterstaff, wearing a +0 plate armour and quivering javelins (freezing vapour, moderately wounded, 89% to hit)
The stone arrow hits the minotaur!!
The minotaur is severely wounded.
The minotaur throws a javelin.
The javelin barely misses you.
Casting: Stone Arrow (safe; 1% risk of failure)
Confirm with . or Enter, or press ? or * to list all spells.
Aiming: Stone Arrow (safe; 1% risk of failure)
Press: ? - help, Shift-Dir - straight line, f/p - minotaur
Aim: a minotaur, wielding a +0 quarterstaff, wearing a +0 plate armour and quivering javelins (freezing vapour, severely wounded, 89% to hit)
The stone arrow hits the minotaur.
The minotaur is severely wounded.
The minotaur is engulfed in freezing vapours.
Casting: Stone Arrow (safe; 1% risk of failure)
Confirm with . or Enter, or press ? or * to list all spells.
Aiming: Stone Arrow (safe; 1% risk of failure)
Press: ? - help, Shift-Dir - straight line, f/p - minotaur
Aim: a minotaur, wielding a +0 quarterstaff, wearing a +0 plate armour and quivering javelins (severely wounded, 89% to hit)
The stone arrow hits the minotaur but does no damage.
The minotaur is severely wounded.
The minotaur hits you with a +0 quarterstaff!
The minotaur gores you!
Casting: Stone Arrow (safe; 1% risk of failure)
Confirm with . or Enter, or press ? or * to list all spells.
Aiming: Stone Arrow (safe; 1% risk of failure)
Press: ? - help, Shift-Dir - straight line, f/p - minotaur
Aim: a minotaur, wielding a +0 quarterstaff, wearing a +0 plate armour and quivering javelins (severely wounded, 89% to hit)
The stone arrow hits the minotaur but does no damage.
The minotaur is severely wounded.
The minotaur hits you with a +0 quarterstaff.
The minotaur gores you!
* * * LOW HITPOINT WARNING * * *
You feel much better.
The minotaur hits you with a +0 quarterstaff!!
You die...
Your body crumbles into a pile of gold.

##≈###≈###.......###≈###≈##
## ################# ##
................
ß.ß.ß.©.©.ß.ß.ß.
................
.##.##.##.##.##
#.##.##.##.##.##
...............#
##.##.##@##.##.#
##.##.##H##.##.
.......§○°.....#
.##.###§#.##.### #. #§#.# .
#°#.. #.##.# #∩# .# ### ..


You could see a minotaur.

Vanquished Creatures
  A two-headed ogre (D:8)
  The ghost of adelrune the Skirmisher, a novice CoHs of Yredelemnul (D:8)
  A tengu warrior (D:10)
  A fire crab (Gauntlet)
  Pikel (D:7)
  An orc knight (Bailey)
  A manticore (D:11)
  Maurice (D:7)
  A black mamba (Lair:1)
  An eye of devastation (Gauntlet)
  2 cane toads
  2 komodo dragons
  A rime drake (Lair:1)
  A gargoyle (D:11)
  A kobold demonologist (D:11)
  A tengu conjurer (D:10)
  Psyche (D:8)
  3 trolls
  8 blink frogs (Lair:1)
  24 yaks
  4 slime creatures (D:11)
  5 wraiths
  A vampire (D:9)
  2 basilisks
  A golden eye (Gauntlet)
  4 wyverns
  Grum (D:11)
  A steam dragon (D:8)
  4 fire bats (Gauntlet)
  3 swamp worms (Gauntlet)
  2 acid dragons
  5 water moccasins
  A hell hound (Gauntlet)
  2 ice beasts
  17 orc warriors
  2 sky beasts
  10 wolves
  2 ogres
  The ghost of originaljbw the Vexing, an amateur GnHs of Fedhas (D:3)
  4 centaurs
  2 kobold brigands
  5 elf zombies (Ossuary)
  7 bullfrogs
  An elf skeleton (D:7)
  7 scorpions
  10 wights
  4 killer bees (D:7)
  10 howler monkeys
  3 centaur zombies (Ossuary)
  3 hounds
  2 bombardier beetles
  4 human zombies
  10 orc priests
  3 gnoll boudas
  4 jellies
  2 sleepcaps (D:5)
  Jessica (D:3)
  2 human skeletons (D:7)
  4 iguanas
  14 orc wizards
  A killer bee zombie (Ossuary)
  3 mummies (Ossuary)
  7 adders
  8 gnolls
  2 shadow imps
  3 white imps
  An ufetubus (D:5)
  6 dart slugs
  66 orcs
  10 ball pythons
  4 bats
  7 endoplasms
  6 giant cockroaches
  7 hobgoblins
  4 jackals (D:4)
  2 quokkas
  5 frilled lizards
  14 goblins
  18 kobolds
  4 orc skeletons (D:7)
  2 orc zombies (D:7)
  3 rats
407 creatures vanquished.

Notes
Turn   | Place    | Note
-------+----------+-------------------------------------------
     0 | D:1      | CougarLife the Gargoyle Earth Elementalist began the quest
                  | for the Orb.
     0 | D:1      | Reached XP level 1. HP: 10/10 MP: 3/3
   103 | D:1      | Reached XP level 2. HP: 15/15 MP: 3/5
   366 | D:1      | Reached skill level 4 in Earth Magic
   447 | D:1      | Reached XP level 3. HP: 19/19 MP: 6/6
  1008 | D:1      | Found a shimmering altar of Xom.
  1217 | D:2      | Reached XP level 4. HP: 24/24 MP: 8/8
  1246 | D:2      | Found a shimmering blue altar of Sif Muna.
  1472 | D:2      | Reached XP level 5. HP: 27/28 MP: 9/9
  1520 | D:2      | Learned a level 3 spell: Stone Arrow
  1610 | D:2      | Found a faded altar of an unknown god.
  1717 | D:3      | Reached skill level 5 in Earth Magic
  1857 | D:3      | Noticed Jessica
  1864 | D:3      | Killed Jessica
  1957 | D:3      | Noticed an ogre
  1962 | D:3      | Killed an ogre
  1963 | D:3      | Reached XP level 6. HP: 32/32 MP: 11/11
  1994 | D:3      | You fall into a shaft and drop 2 floors!
  1994 | D:5      | Entered Level 5 of the Dungeon
  2180 | D:4      | Found a hide-covered altar of Uskayaw.
  2222 | D:3      | Found a runed translucent gate.
  2223 | D:3      | Found a runed translucent gate.
  2224 | D:3      | Found a runed translucent gate.
  2226 | D:3      | Noticed originaljbw's ghost (amateur GnHs)
  2429 | D:3      | Found a bloodstained altar of Trog.
  2490 | D:3      | Found a blossoming altar of Fedhas.
  2538 | D:3      | Killed originaljbw's ghost
  2539 | D:3      | Reached skill level 6 in Earth Magic
  2539 | D:3      | Reached XP level 7. HP: 29/36 MP: 11/13
  2914 | D:4      | Reached skill level 5 in Conjurations
  3744 | D:5      | Reached skill level 5 in Spellcasting
  3744 | D:5      | Reached skill level 7 in Earth Magic
  3744 | D:5      | Reached XP level 8. HP: 32/41 MP: 15/15
  4187 | D:5      | Reached skill level 8 in Earth Magic
  4629 | D:6      | Reached XP level 9. HP: 42/45 MP: 18/18
  4824 | D:6      | Found an opulent altar of Gozag.
  4832 | D:6      | Became a worshipper of Gozag Ym Sagoz the Greedy
  4995 | D:6      | Found a staircase to the Ecumenical Temple.
  5001 | D:6      | Reached skill level 9 in Earth Magic
  5279 | Temple   | Entered the Ecumenical Temple
  5373 | D:7      | Noticed Maurice
  5392 | D:7      | Maurice stole a throwing net
  5394 | D:7      | Maurice stole 343 gold
  5433 | D:7      | Reached skill level 10 in Earth Magic
  5450 | D:7      | Killed Maurice
  5451 | D:7      | Reached XP level 10. HP: 30/50 MP: 12/21
  5817 | D:7      | Found a sand-covered staircase.
  5827 | Ossuary  | Entered an ossuary
  6279 | D:7      | Noticed Pikel
  6283 | D:7      | Killed Pikel
  6880 | D:8      | Found a snail-covered altar of Cheibriados.
  6886 | D:8      | Reached skill level 11 in Earth Magic
  6901 | D:8      | Noticed Psyche
  6906 | D:8      | Killed Psyche
  7138 | D:8      | Reached skill level 1 in Fighting
  7195 | D:8      | Found a staircase to the Lair.
  7239 | D:8      | Found a glowing golden altar of the Shining One.
  7239 | D:8      | Found a radiant altar of Vehumet.
  7392 | D:8      | Reached skill level 10 in Conjurations
  7508 | D:8      | Reached XP level 11. HP: 51/59 MP: 24/24
  7512 | D:8      | Noticed a two-headed ogre
  7525 | D:8      | Killed a two-headed ogre
  7755 | D:8      | Found a runed translucent door.
  7756 | D:8      | Noticed adelrune's ghost (novice CoHs)
  7765 | D:8      | Killed adelrune's ghost
  7766 | D:8      | Reached skill level 12 in Earth Magic
  8452 | D:9      | Found a burning altar of Makhleb.
  9322 | D:10     | Entered Level 10 of the Dungeon
  9354 | D:10     | Found a flagged portal.
  9368 | Bailey   | Entered a bailey
  9745 | Bailey   | Identified the +10 crystal plate armour "Ofock" {Str-4
                  | Int+5}
  9761 | Bailey   | Noticed an orc knight
  9769 | Bailey   | Killed an orc knight
  9770 | Bailey   | Reached skill level 5 in Fighting
 10162 | D:10     | Identified the +12 dagger "Sigh" {flame, rElec rCorr Int+4}
 10417 | D:10     | Noticed a tengu warrior
 10439 | D:10     | Killed a tengu warrior
 10440 | D:10     | Reached skill level 10 in Spellcasting
 10523 | D:10     | Reached XP level 12. HP: 58/69 MP: 24/26
 10994 | D:11     | Reached skill level 13 in Earth Magic
 11885 | D:11     | Found a staircase to the Orcish Mines.
 12271 | D:11     | Noticed Grum
 12280 | D:11     | Killed Grum
 12466 | Lair:1   | Entered Level 1 of the Lair of Beasts
 13483 | Lair:1   | Reached skill level 14 in Earth Magic
 13974 | Lair:2   | Identified a scroll of acquirement
 13975 | Lair:2   | Acquired 1224 gold pieces
 14333 | Lair:2   | Bought the Precepts of the Voltaic Fjord for 480 gold
                  | pieces
 14333 | Lair:2   | Bought a book of the Dragon for 420 gold pieces
 14339 | Lair:2   | Learned a level 5 spell: Freezing Cloud
 14377 | Lair:3   | Reached XP level 13. HP: 66/78 MP: 25/28
 14449 | Lair:3   | Reached skill level 1 in Air Magic
 14455 | Lair:3   | Found a gate leading to a gauntlet.
 14460 | Gauntlet | Entered a Gauntlet
 14460 | Gauntlet | Found a transporter.
 14460 | Gauntlet | Found a transporter.
 14469 | Gauntlet | Found a transporter.
 14472 | Gauntlet | Found a transporter.
 14480 | Gauntlet | Found a transporter.
 14484 | Gauntlet | Found a transporter.
 14492 | Gauntlet | Found a transporter.
 14509 | Gauntlet | Found a transporter.
 14523 | Gauntlet | Found a transporter.
 14527 | Gauntlet | Found a transporter.
 14536 | Gauntlet | Found a transporter.
 14539 | Gauntlet | Found a transporter.
 14809 | Gauntlet | Identified the +3 spear of Earthquakes {heavy, Fly Will-
                  | rCorr Stlth+}
 14883 | Gauntlet | Identified the amulet "Tixeung" {Acrobat rElec}
 15122 | Gauntlet | Noticed a minotaur
 15126 | Gauntlet | HP: 2/79 [minotaur/javelin (32)]
 15134 | Gauntlet | Slain by a minotaur

Illustrated notes

Levels and vault maps discovered:
D:1:      dpeg_arrival_water_altar, layout_loops_corners
D:2:      layout_rooms, basic_altar, hellmonk_ecumenical_altar_prayer_group,
          minmay_nonomino_d4
D:3:      layout_basic, general_overflow_altar, lemuel_tele_altar,
          ebering_ghost_rock_garden, uniq_jessica
D:4:      layout_cave_pods, nicolae_uskayaw_dance_hall, minivault_5,
          grunt_ministairs_11
D:5:      layout_gridville, minmay_pentangle
D:6:      layout_cave_pools, mainiacjoe_overflow_paths, temple_fountains,
          grunt_decor_junction
D:7:      layout_layer_cave, nicolae_ossuary_entry_catacombs,
          kennysheep_big_empty_room, uniq_pikel, uniq_maurice
D:8:      layout_rooms, amethyst_overflow_temple_binary, cheibriados_altar_1,
          erik_lair_orcish_takeover, ebering_ghost_reflecting_pool,
          dreamdust_princess_corridor, minmay_fractal_squares_5, uniq_psyche
D:9:      layout_stronghold, kennysheep_mini
D:10:     layout_roguey, enter_bailey_3
D:11:     layout_basic, david_orc_4, minmay_protected_statue, uniq_grum
Temple:   nicolae_temple_great_sept
Lair:1:   layout_regular_city, serial_bayou_shore_a
Lair:2:   layout_hall_layers, chequers_serial_rivers_micro_b
Lair:3:   layout_hall_layers, elwin_shoals_entry_stream, dummy_spider_entry,
          gauntlet_entry_generic, infiniplex_staircase_pool_2,
          serial_bayou_shore_b
Gauntlet: minmay_gauntlet_77_indecision [minmay_gauntlet_arena_77_fan,
          minmay_gauntlet_arena_77_block_sizes, minmay_gauntlet_arena_77_mirror,
          minmay_gauntlet_arena_77_checkered,
          minmay_gauntlet_arena_77_double_cross,
          minmay_gauntlet_arena_77_braids, gauntlet_exit_green]

Skill      XL: |  1  2  3  4  5  6  7  8  9 10 11 12 13 |
---------------+----------------------------------------+-----
Earth Magic    | 4 5 6 7 8 10 11 12 14 | 14.1
Conjurations   | 2 3 4 5 7 8 10 11 12 | 12.8
Spellcasting   | 3 4 5 6 7 9 10 11 | 11.2
Fighting       | 2 5 8 |  8.5
Air Magic      | 2 |  2.3
Dodging        | |  1.5
Stealth        | |  2.1

Action                     |  1- 3 |  4- 6 |  7- 9 | 10-12 | 13-15 || total
---------------------------+-------+-------+-------+-------+-------++-------
  Melee: Unarmed           |     8 |       |       |       |       ||     8
         Dagger            |     9 |    12 |     9 |    25 |       ||    55
   Cast: Sandblast         |    40 |    64 |   130 |   209 |       ||   443
         Stone Arrow       |       |     8 |    43 |   294 |    23 ||   368
         Freezing Cloud    |       |       |       |     1 |     4 ||     5
 Invoke: Potion Petition   |       |       |       |     1 |       ||     1
         Call Merchant     |       |       |       |     1 |       ||     1
    Use: Scroll            |       |       |     6 |     8 |     1 ||    15
         Potion            |       |       |     3 |     1 |     4 ||     8
 Armour: Robe              |    18 |    37 |   123 |   195 |    16 ||   389
  Dodge: Dodged            |    17 |    19 |    79 |   139 |     5 ||   259

Table legend: (Time is in decaauts)
 A = Elapsed time spent in this place.
 B = Non-inter-level travel time spent in this place.
 C = Inter-level travel time spent in this place.
 D = Time resting spent in this place.
 E = Time spent auto-exploring this place.
 F = Levels seen in this place.
 G = Mean time per level.
                   A        B        C        D        E       F      G
               +--------+--------+--------+--------+--------+-----+--------+
         Total |  15408 |  14693 |    715 |   2910 |   7028 |  18 |  856.0 |
       Dungeon |  11936 |  11286 |    650 |   1998 |   5943 |  11 | 1085.1 |
        Temple |      1 |      1 |      0 |      0 |      0 |   1 |    1.0 |
          Lair |   2029 |   1964 |     65 |    400 |    989 |   3 |  676.3 |
       Ossuary |    195 |    195 |      0 |     33 |      0 |   1 |  195.0 |
        Bailey |    571 |    571 |      0 |    145 |      0 |   1 |  571.0 |
      Gauntlet |    673 |    673 |      0 |    334 |     96 |   1 |  673.0 |
               +--------+--------+--------+--------+--------+-----+--------+

Top non-repeatable levels by time:
    D:11: 1553 daAuts
     D:7: 1383 daAuts
  Lair:1: 1367 daAuts
     D:8: 1317 daAuts
     D:9: 1259 daAuts
     D:1: 1231 daAuts
     D:4: 1227 daAuts
     D:5: 1060 daAuts
    D:10: 1015 daAuts
     D:6: 721 daAuts
Gauntlet: 673 daAuts
     D:3: 660 daAuts
  Lair:2: 574 daAuts
  Bailey: 571 daAuts
     D:2: 506 daAuts
